 Dungeon Crawl Stone Soup version 0.20-a0-1121-gbb42413 (webtiles) character file.

147 Ijustatesigmund the Conjurer (level 5, -1/41 HPs)
             Began as a Draconian Conjurer on May 10, 2017.
             Slain by a goblin (5 damage)
             ... led by Robin
             ... on level 3 of the Dungeon.
             The game lasted 00:07:51 (2529 turns).

Ijustatesigmund the Conjurer (Draconian Conjurer)   Turns: 2529, Time: 00:07:52

Health: -1/41      AC:  6    Str: 11    XL:     5   Next: 7%
Magic:  7/8        EV: 12    Int: 15    God:
Gold:   118        SH:  4    Dex: 12    Spells: 4/8 levels left

rFire    . . .     SeeInvis .   o - +2 flail (protect)
rCold    . . .     Gourm    .   c - +0 buckler
rNeg     . . .     Faith    .   (armour unavailable)
rPois    .         Spirit   .   (helmet restricted)
rElec    .         Reflect  .   j - +0 cloak
rCorr    .         Harm     .   (no gloves)
MR       .....                  (no boots)
Stlth    ++........             (no amulet)
Regen    0.2/turn               (no ring)
MPRegen  0.2/turn               (no ring)

@: lethally poisoned (-1 -> -13), about to teleport, hasted, very quick
A: unfitting armour, cold-blooded, AC +5
a: no special abilities


You were on level 3 of the Dungeon.
You were not hungry.

You visited 1 branch of the dungeon, and saw 3 of its levels.

You collected 118 gold pieces.

Inventory:

Hand Weapons
 o - a +2 flail of protection (weapon)
Armour
 c - a +0 buckler (worn)
 j - a +0 cloak (worn)
Scrolls
 f - a scroll of teleportation
 n - a scroll of recharging
Potions
 e - a potion of brilliance
 g - a potion of curing {unknown}
 h - 2 potions of might
 i - a potion of haste
 l - a potion of heal wounds {unknown}
Books
 a - a book of Conjurations

   Spells                             Type                      Level
   a - Magic Dart                     Conjuration                  1
   b - Searing Ray                    Conjuration                  2
   c - Dazzling Spray                 Conjuration/Hexes            3
   d - Fulminant Prism                Conjuration/Hexes            4
   e - Force Lance                    Conjuration/Translocation    4
   f - Iskenderun's Mystic Blast      Conjuration                  4
 p - a book of Changes

   Spells                             Type                      Level
   a - Beastly Appendage              Transmutation                1
   b - Sticks to Snakes               Transmutation                2
   c - Spider Form                    Transmutation/Poison         3
   d - Ice Form                       Ice/Transmutation            4
   e - Blade Hands                    Transmutation                5
Comestibles
 b - 2 bread rations


   Skills:
 - Level 2.0 Fighting
 - Level 1.7 Dodging
 - Level 1.7 Stealth
 + Level 3.0 Shields
 - Level 2.4 Spellcasting
 - Level 4.0 Conjurations
 + Level 2.0 Hexes


You had 4 spell levels left.
You knew the following spells:

 Your Spells              Type           Power        Failure   Level  Hunger
a - Magic Dart            Conj           ##..         4%          1    #......
b - Dazzling Spray        Conj/Hex       ##....       21%         3    ###....


Dungeon Overview and Level Annotations

Branches:
Dungeon (3/15)

Altars:
Fedhas

Annotations:
D:3 Robin


Innate Abilities, Weirdness & Mutations

Your plain brown scales are hard. (AC +5)
You cannot fit into any form of body armour.
You are cold-blooded and may be slowed by cold attacks.


Message History

You are too injured to fight recklessly!
You are too injured to fight recklessly!
You are too injured to fight recklessly!
You are too injured to fight recklessly!
You are too injured to fight recklessly!
It was a potion of haste.
You feel yourself speed up.
You feel sick.
The goblin shouts!
The goblin hits you with a dagger.
* * * LOW HITPOINT WARNING * * *
Robin closely misses you. The goblin hits you but does no damage.
The goblin hits you with an uncursed club!
* * * LOW HITPOINT WARNING * * *
You block the goblin's attack. The goblin completely misses you.
The goblin barely misses you. You block the hobgoblin's attack.
The hobgoblin misses you.
As you read the scroll of teleportation, it crumbles to dust.
You feel strangely unstable.
* * * LOW HITPOINT WARNING * * *
You feel sick. The goblin misses you. The goblin hits you.
You die...

.....###.####..........##********
.....'...................,,,,,,,,
.#...###.####.#####.#####********
.#................#.#
..###.##.####..####.#
.....<.........# *.# ********
#.##..##.####.#####.# *,,,,,,,
#..#..##.##....ggg..# *,******
......##.##....g@g..#*****,*
##..#.##.##....gggg.....,,,*
,##.#).#.##.............,,,*
,*#.#..#.##..).....g....,,,*
,*#....#.####..........#****
,*##...#.####..........#
.#*#........#........?.#
...##..#.##.####....l..#
.#.##..#.#*.# *,,,,,,,*


You could see Robin, 2 hobgoblins, 7 goblins and a frilled lizard (wandering).

Vanquished Creatures
  An orc priest (D:3)
  An orc wizard (D:3)
  An adder (D:2)
  2 oozes
  2 dart slugs
  3 leopard geckos
  11 orcs
  4 giant cockroaches
  11 goblins
  5 hobgoblins
  3 bats
  A frilled lizard (D:3)
  6 kobolds
  7 rats
58 creatures vanquished.

Notes
Turn   | Place    | Note
-------+----------+-------------------------------------------
     0 | D:1      | Ijustatesigmund the Draconian Conjurer began the quest for the Orb.
     0 | D:1      | Reached XP level 1. HP: 14/14 MP: 3/3
   205 | D:1      | Reached skill level 1 in Fighting
   379 | D:1      | Reached XP level 2. HP: 23/23 MP: 5/5
   973 | D:2      | Reached skill level 1 in Shields
   973 | D:2      | Reached XP level 3. HP: 29/29 MP: 0/6
  1028 | D:2      | Learned a level 3 spell: Dazzling Spray
  1346 | D:2      | Found a blossoming altar of Fedhas.
  1793 | D:3      | Reached skill level 1 in Hexes
  1793 | D:3      | Reached XP level 4. HP: 15/36 MP: 7/7
  2516 | D:3      | Reached XP level 5. HP: 41/41 MP: 5/8
  2518 | D:3      | Noticed Robin
  2529 | D:3      | Slain by a goblin

Vault maps used:
D:1:      dpeg_arrival_prison, serial_bayou_pond_d
D:2:      overflow_temple_1_default, corexii_shack
D:3:      uniq_robin

Skill      XL: |  1  2  3  4  5 |
---------------+----------------+-----
Fighting       | 1 2 |  2.0
Shields        | 1 2 3 |  3.0
Hexes          | 1 2 |  2.0
Dodging        | |  1.7
Stealth        | |  1.7
Spellcasting   | |  2.4
Conjurations   | |  4.0

Action                   |  1- 3 |  4- 6 || total
-------------------------+-------+-------++-------
Melee: Unarmed           |     7 |       ||     7
       Short sword       |    26 |     7 ||    33
       Tailslap          |     5 |     3 ||     8
       Flail             |       |    55 ||    55
 Cast: Magic Dart        |    57 |    12 ||    69
       Dazzling Spray    |       |     1 ||     1
  Use: Scroll            |     4 |     4 ||     8
       Potion            |     1 |     1 ||     2
 Stab: Invisible         |       |     1 ||     1
  Eat: Chunk             |     1 |     3 ||     4
       Royal jelly       |     1 |       ||     1
Armor: Skin              |     3 |    39 ||    42
Dodge: Dodged            |    26 |    68 ||    94
Block: Buckler           |     3 |    15 ||    18
